 Dungeon Crawl Stone Soup version 0.28-a0-1236-gb25a51b929 (webtiles) character file.

Game seed: 10299619397186742580

376 bearlyready the Cutter (level 6, -2/32 HPs)
             Began as a Vine Stalker Fighter on Dec 25, 2021.
             Splashed by a jelly's acid (5 damage)
             ... on level 4 of the Dungeon.
             The game lasted 00:05:28 (3813 turns).

bearlyready the Cutter (Vine Stalker Fighter)       Turns: 3813, Time: 00:05:28

Health: -2/32      AC: -1    Str: 19    XL:     6   Next: 73%
Magic:  0/7        EV:  9    Int:  8    God:
Gold:   125        SH:  5    Dex: 15    Spells: 5/5 levels left

rFire   . . .      SeeInvis .   m - +0 dagger
rCold   . . .      Faith    .   c - +0 buckler
rNeg    . . .      Spirit   +   b - +0 scale mail
rPois   .          Reflect  .   (no helmet)
rElec   .          Harm     .   (no cloak)
rCorr   .          Rampage  .   (no gloves)
Will    .....                   (no boots)
Stlth   ..........              (no amulet)
HPRegen 0.90/turn               (no ring)
MPRegen 0.10/turn               (no ring)

@: corroded
A: fangs 2, regeneration 1, magic shield, antimagic bite, no potion heal 2
a: no special abilities


You were on level 4 of the Dungeon.
You visited 1 branch of the dungeon, and saw 4 of its levels.

You collected 125 gold pieces.

Inventory:

Hand Weapons
 a - a +0 rapier
 m - a +0 dagger (weapon)
Missiles
 o - 22 stones (quivered)
 p - 5 javelins
 q - 14 sling bullets
 s - a poisoned dart
 t - 63 bolts
 u - 5 curare-tipped darts
Armour
 b - a +0 scale mail (worn)
 c - a +0 buckler (worn)
 k - a +2 kite shield
Jewellery
 v - an amulet of faith
Scrolls
 e - 3 scrolls of identify {unknown}
 h - a scroll of amnesia {unknown}
 i - 4 scrolls of teleportation {unknown}
 r - 2 scrolls of enchant armour {unknown}
 x - a scroll of fear {unknown}
 y - a scroll of blinking {unknown}
Potions
 d - 2 potions of might
 f - a potion of degeneration {unknown}
 g - 2 potions of curing {unknown}
 j - a potion of flight {unknown}
 l - 4 potions of attraction {unknown}
 n - 2 potions of haste {unknown}
 w - a potion of mutation {unknown}
 z - a potion of cancellation {unknown}


   Skills:
 - Level 2.6 Fighting
 + Level 5.3 Short Blades
 - Level 2.4 Armour
 + Level 4.3 Shields


You had 5 spell levels left.
You didn't know any spells.
Your spell library contained the following spells:

 Spells                   Type           Power      Damage    Failure   Level
 Dazzling Flash           Conj/Hex       0%         N/A       98%         3
 Iskenderun's Mystic Bla  Conj/Tloc      0%         2d3       100%        4
 Summon Ice Beast         Ice/Summ       0%         N/A       100%        4
 Summon Mana Viper        Hex/Summ       0%         N/A       100%        5
 Starburst                Conj/Fire      0%         6d3       100%        6
 Monstrous Menagerie      Summ           0%         N/A       100%        7


Dungeon Overview and Level Annotations

Branches:
Dungeon (4/15)
 Temple: D:4-7

Altars:

Annotations:
D:4 1 runed translucent door, Crazy Yiuf


Innate Abilities, Weirdness & Mutations

You have extremely sharp teeth.
Your natural rate of healing is unusually fast.
When hurt, damage is shared between your health and your magic reserves.
Your bite disrupts and absorbs the magic of your enemies.
Potions cannot restore your health.


Message History

a +0 club; a +0 hunting sling
There is a stone staircase leading up here.
A jelly comes into view.
The jelly moves out of view.
You see here 17 gold pieces.
A jelly is nearby!
Found 12 stones.
Found a stone staircase leading down.
You hit the jelly.
Your hands burn!
You bite the jelly. You drain its power.
You feel invigorated.
The jelly is heavily wounded.
The jelly hits you.
You are splashed with acid.
You hit the jelly. The acid corrodes you!
Your hands burn!
You bite the jelly, but do no damage.
The jelly is heavily wounded.
You are too injured to fight recklessly!
You are too injured to fight recklessly!
You are too injured to fight recklessly!
You are too injured to fight recklessly!
You are too injured to fight recklessly!
You are too injured to fight recklessly!
You are too injured to fight recklessly!
You are too injured to fight recklessly!
You hit the jelly.
Your hands burn!
You bite the jelly. You drain its power.
You feel invigorated.
The jelly is severely wounded.
The jelly hits you.
You are splashed with acid!
You hit the jelly but do no damage. The acid corrodes you!
Your hands burn!
* * * LOW HITPOINT WARNING * * *
The jelly is severely wounded.
The jelly hits you.
* * * LOW HITPOINT WARNING * * *
You are splashed with acid!
* * * LOW HITPOINT WARNING * * *
The jelly jiggles.
You see here 17 gold pieces.
You aren't carrying any items that you can evoke.
Unknown command.
Okay, then.
You hit the jelly. The acid corrodes you!
Your hands burn!
You die...

...#
#........##.##.#
####
#.....<..##.# #
# ########.##.#
# #.##.# # #
#.##.##.# #
#.......# . .
####.#### #
(...#####.# #
>.......J@#
....####### . ##
.## #.# ..# #.#


You could see a jelly.

Vanquished Creatures
  Sigmund (D:3)
  2 iguanas (D:4)
  3 gnolls (D:4)
  4 adders
  An adder skeleton (D:4)
  2 worms
  5 dart slugs
  3 orcs
  8 endoplasms
  2 giant cockroaches (D:2)
  9 goblins
  4 hobgoblins
  11 jackals
  4 quokkas
  7 ball pythons
  5 bats
  4 frilled lizards
  5 kobolds
  3 rats
83 creatures vanquished.

Notes
Turn   | Place    | Note
-------+----------+-------------------------------------------
     0 | D:1      | bearlyready the Vine Stalker Fighter began the quest for
                  | the Orb.
     0 | D:1      | Reached XP level 1. HP: 11/11 MP: 2/2
    24 | D:1      | Reached skill level 2 in Short Blades
   461 | D:1      | Reached XP level 2. HP: 16/16 MP: 3/3
   997 | D:1      | Reached skill level 3 in Short Blades
  1230 | D:1      | Reached XP level 3. HP: 18/19 MP: 4/4
  2013 | D:2      | Gained mutation: Your natural rate of healing is unusually
                  | fast. [Vine Stalker growth]
  2013 | D:2      | Reached XP level 4. HP: 23/23 MP: 5/5
  2089 | D:2      | Reached skill level 4 in Short Blades
  2427 | D:3      | Noticed Sigmund
  2446 | D:3      | Killed Sigmund
  2447 | D:3      | Reached XP level 5. HP: 18/27 MP: 4/6
  2447 | D:3      | Reached XP level 6. HP: 22/32 MP: 4/7
  2727 | D:3      | Reached skill level 5 in Short Blades
  3022 | D:4      | Found a runed translucent door.
  3023 | D:4      | Noticed Crazy Yiuf
  3810 | D:4      | HP: 1/32 [acid (5)]
  3813 | D:4      | Splashed by a jelly's acid

Illustrated notes

Levels and vault maps discovered:
D:1:      lightli_molten_gateway, layout_basic
D:2:      layout_rooms, minmay_tromino_v7
D:3:      layout_basic, uniq_sigmund
D:4:      layout_loops_cross, uniq_crazy_yiuf_cottage

Skill      XL: |  1  2  3  4  5  6 |
---------------+-------------------+-----
Short Blades   | 2 3 4 5 |  5.3
Shields        | 3 4 |  4.3
Fighting       | |  2.6
Armour         | |  2.4

Action                   |  1- 3 |  4- 6 || total
-------------------------+-------+-------++-------
Melee: Rapier            |    98 |   135 ||   233
       Bite              |    25 |    58 ||    83
       Dagger            |       |    22 ||    22
Armor: Scale mail        |    59 |    48 ||   107
Dodge: Dodged            |    44 |    52 ||    96
Block: Buckler           |    24 |    30 ||    54

Table legend: (Time is in decaauts)
 A = Elapsed time spent in this place.
 B = Non-inter-level travel time spent in this place.
 C = Inter-level travel time spent in this place.
 D = Time resting spent in this place.
 E = Time spent auto-exploring this place.
 F = Levels seen in this place.
 G = Mean time per level.
                   A        B        C        D        E       F      G
               +--------+--------+--------+--------+--------+-----+--------+
         Total |   3812 |   3703 |    109 |    246 |   2813 |   4 |  953.0 |
       Dungeon |   3812 |   3703 |    109 |    246 |   2813 |   4 |  953.0 |
               +--------+--------+--------+--------+--------+-----+--------+

Top non-repeatable levels by time:
     D:1: 1824 daAuts
     D:4: 802 daAuts
     D:3: 646 daAuts
     D:2: 539 daAuts
